Map: Efflorescence LE

Players

qqq

  • Race: Protoss Protoss
  • Spawn Location: 6:00

Massa

  • Race: Terran Terran
  • League: Gold
  • Spawn Location: 9:00

BubbleGum

  • Race: Zerg Zerg
  • League: Diamond
  • Spawn Location: 3:00

Windmills

  • Race: Terran Terran
  • League: Platinum
  • Spawn Location: 12:00

VOD

Have the link to the VOD?

Description

Time

  • Played on: July 4, 2020, 9:53 a.m.
  • Length: 17:32
Show
View Real Time Build Order
Export as new Build Order

qqq Protoss 

Build Orders: 1 Gate Expand 

Get SALT Encoding   

  12  0:02  Probe  
  13  0:16  Pylon  
  13  0:35  Gateway  
  13  0:40  Pylon  
  13  0:44  Probe  
  14  0:56  Probe  
  15  0:58  Pylon  
  15  1:08  Probe  
  16  1:24  Cybernetics Core  
  16  1:33  Probe  
  17  1:44  Nexus  
  17  1:50  Assimilator  
  17  1:55  Assimilator  
  17  1:56  Probe  
  19  2:08  Probe  
  19  2:20  Probe  
  20  2:23  Stalker  
  20  2:26  Forge  
  20  2:32  Probe  
  23  2:44  Probe  
  24  3:02  Probe  
  25  3:11  Stargate  
  25  3:14  Probe  
  26  3:22  Photon Cannon  
  26  3:26  Probe  
  27  3:32  Stargate  
  27  3:39  Probe  
  28  3:51  Probe  
  29  3:57  Protoss Air Weapons Level 1  
  29  4:03  Probe  
  29  4:08  Phoenix  
  32  4:15  Probe  
  33  4:18  Assimilator  
  33  4:22  Assimilator  
  33  4:27  Probe  
  34  4:34  Phoenix  
  34  4:35  Photon Cannon  
  34  4:38  Photon Cannon  
  36  4:39  Probe  
  37  4:51  Probe, Phoenix  
  40  4:59  Phoenix  
  42  5:00  Probe  
  43  5:08  Probe  
  44  5:16  Phoenix  
  44  5:17  Probe  
  47  5:24  Phoenix  
  49  5:30  Probe, Fleet Beacon  
  50  5:40  Phoenix  
  50  5:42  Probe  
  53  5:49  Pylon  
  53  5:52  Pylon  
  53  5:54  Probe  
  54  6:07  Probe, Phoenix x2  
  59  6:19  Probe  
  59  6:23  Anion Pulse-Crystals  
  59  6:24  Protoss Air Armor Level 1  
  60  6:31  Probe  
  61  6:43  Probe  
  61  6:46  Phoenix  
  64  6:47  Phoenix  
  66  6:55  Probe  
  66  6:56  Robotics Facility  
  67  7:07  Probe  
  68  7:11  Pylon  
  68  7:13  Phoenix  
  70  7:17  Pylon  
  70  7:29  Carrier  
  76  7:30  Photon Cannon  
  76  7:33  Photon Cannon  
  76  7:35  Nexus  
  76  7:43  Phoenix  
  78  7:45  Photon Cannon  
  78  7:53  Photon Cannon  
  78  8:30  Photon Cannon, Carrier  
  78  8:33  Photon Cannon  
  84  8:39  Observer  
  85  8:46  Pylon  
  85  8:47  Mothership  
  93  8:48  Pylon  
  93  8:51  Pylon  
  93  8:52  Probe  
  94  8:57  Pylon  
  94  9:04  Probe  
  95  9:16  Probe  
  94  9:18  Carrier  
  94  9:21  Shield Battery  
  100  9:24  Photon Cannon  
  100  9:25  Photon Cannon  
  100  9:28  Probe  
  101  9:39  Carrier  
  101  9:41  Probe  
  108  9:53  Probe  
  107  10:05  Probe  
  100  10:21  Void Ray  
  104  10:30  Assimilator  
  104  10:34  Nexus  
  104  10:35  Pylon, Assimilator  
  104  10:37  Pylon  
  104  10:41  Pylon  
  104  10:43  Void Ray  
  108  10:52  Stargate  
  108  10:56  Stargate  
  108  11:04  Void Ray  
  112  11:25  Tempest  
  115  11:41  Void Ray  
  115  11:42  Phoenix  
  121  11:47  Phoenix  
  121  11:52  Probe  
  123  11:55  Probe  
  124  12:04  Probe  
  124  12:07  Probe  
  120  12:09  Carrier  
  102  12:16  Probe  
  102  12:20  Probe  
  86  12:23  Photon Cannon  
  86  12:25  Photon Cannon  
  86  12:27  Photon Cannon  
  86  12:28  Probe  
  86  12:29  Photon Cannon  
  77  12:31  Photon Cannon  
  77  12:32  Probe  
  77  12:35  Photon Cannon  
  78  12:38  Photon Cannon  
  78  12:40  Probe  
  78  12:41  Shield Battery  
  78  12:44  Probe, Void Ray, Shield Battery  
  80  12:47  Shield Battery  
  84  12:56  Probe  
  84  12:58  Protoss Air Weapons Level 2  
  85  13:04  Void Ray x2  
  80  13:12  Void Ray  
  80  13:18  Probe  
  84  13:27  Void Ray  
  84  13:30  Probe  
  89  13:34  Nexus  
  89  13:36  Pylon  
  89  13:42  Probe  
  89  13:44  Immortal  
  94  13:53  Stalker  
  94  13:54  Probe  
  97  14:11  Photon Cannon  
  97  14:14  Pylon  
  97  14:18  Photon Cannon  
  97  14:21  Photon Cannon  
  97  14:22  Shield Battery  
  97  14:23  Stalker  
  77  14:52  Stalker  
  77  14:54  Immortal  
  77  15:06  Nexus  
  73  15:12  Probe  
  74  15:22  Stalker  
  74  15:24  Probe  
  77  15:32  Pylon  
  77  15:34  Immortal  
  81  15:36  Probe, Robotics Facility  
  81  15:38  Robotics Facility x2  
  77  16:01  Nexus  
  77  16:16  Photon Cannon  
  77  16:17  Immortal  
  81  16:38  Immortal  
Show
View Real Time Build Order
Export as new Build Order

Massa Terran 

Build Orders: Gas First Reaper Expand 

Get SALT Encoding   

  12  0:05  SCV  
  13  0:14  Supply Depot  
  13  0:18  SCV  
  14  0:30  Refinery, SCV  
  15  0:46  Barracks  
  15  0:55  SCV  
  16  1:21  SCV  
  17  1:35  Supply Depot  
  17  1:45  SCV  
  18  1:47  Reaper  
  19  2:10  SCV  
  19  2:14  Command Center  
  20  2:19  Reaper  
  20  2:22  SCV  
  21  2:34  SCV  
  22  2:51  Reaper  
  22  3:07  Orbital Command  
  22  3:15  Barracks  
  22  3:20  Factory  
  22  3:24  Reaper  
  21  4:13  Marine  
  21  4:15  Factory Tech Lab  
  22  4:17  Barracks Tech Lab  
  22  4:22  Barracks  
  21  4:28  SCV  
  21  4:29  SCV  
  21  4:31  Marine  
  23  4:37  Refinery  
  24  4:39  Supply Depot  
  24  4:41  SCV x2  
  24  4:42  Engineering Bay  
  26  4:46  Armory  
  26  4:49  Marine  
  26  4:50  Engineering Bay  
  29  4:52  Marauder  
  29  4:53  SCV  
  29  4:54  Siege Tank  
  33  5:03  Concussive Shells  
  33  5:06  Marine  
  34  5:13  Orbital Command  
  36  5:14  SCV, Marauder  
  36  5:19  Barracks Tech Lab  
  37  5:24  Marine  
  37  5:26  SCV  
  39  5:29  Refinery  
  39  5:30  Refinery  
  39  5:33  Missile Turret  
  39  5:35  Marine  
  40  5:37  Terran Infantry Weapons Level 1  
  40  5:38  SCV  
  41  5:50  SCV  
  41  5:52  Terran Infantry Armor Level 1  
  42  6:02  SCV  
  43  6:09  Starport  
  43  6:16  Missile Turret  
  43  6:21  Missile Turret  
  43  6:24  Missile Turret  
  43  6:25  SCV x2  
  45  6:37  SCV x2  
  45  6:38  Missile Turret, Siege Tank  
  50  6:45  Terran Vehicle Weapons Level 1  
  50  6:48  Medivac  
  54  6:54  Marauder  
  54  6:59  Missile Turret  
  54  7:08  Supply Depot  
  54  7:11  Supply Depot  
  54  7:14  Supply Depot  
  54  7:26  Supply Depot  
  54  7:29  Barracks Tech Lab, Stimpack  
  58  7:30  Marauder x2  
  58  7:31  Combat Shield  
  58  7:37  Liberator  
  61  7:46  Terran Infantry Weapons Level 2  
  61  7:48  Supply Depot  
  63  7:51  Marauder  
  63  8:11  Marauder x2  
  69  8:12  Marauder  
  69  8:32  Marauder, Marine  
  69  8:33  Marine  
  73  8:37  SCV  
  73  8:38  SCV  
  73  8:40  Command Center  
  75  8:49  SCV  
  75  8:50  SCV  
  77  9:01  SCV  
  77  9:02  SCV  
  79  9:16  SCV x2  
  81  9:28  SCV x2  
  83  9:34  Thor  
  89  9:40  SCV x2  
  91  9:48  Factory  
  91  9:52  SCV x2  
  93  9:57  Planetary Fortress  
  93  10:04  SCV x2  
  95  10:08  Command Center  
  95  10:09  Marauder x3  
  98  10:16  SCV  
  98  10:17  SCV  
  98  10:18  Medivac  
  102  10:25  Barracks  
  102  10:30  Marauder x2  
  102  10:31  Marauder  
  102  10:33  Missile Turret  
  108  10:37  SCV  
  108  10:38  Missile Turret  
  109  10:49  Supply Depot x2  
  109  10:56  SCV x3, Marauder, Medivac  
  116  11:08  SCV  
  116  11:10  SCV x2  
  116  11:11  Marauder  
  121  11:33  Barracks Tech Lab  
  121  11:34  Marauder  
  121  11:35  Marauder x2  
  121  11:37  Factory Tech Lab, Thor  
  133  11:40  Planetary Fortress  
  133  11:56  Marauder x3  
  118  12:14  SCV x3  
  110  12:17  Marauder  
  110  12:18  Marauder x2  
  105  12:23  Marauder  
  105  12:26  SCV x3  
  105  12:28  Factory  
  105  12:29  Refinery  
  91  12:30  Medivac  
  93  12:37  Terran Infantry Armor Level 2  
  93  12:38  Terran Infantry Weapons Level 3, SCV x2, Terran Vehicle Weapons Level 2  
  93  12:39  SCV, Marauder x3  
  104  12:44  Marauder  
  104  12:45  Armory  
  104  12:46  Missile Turret  
  104  12:50  SCV  
  104  12:51  SCV x2  
  107  13:00  Marauder x3, Command Center, Medivac  
  107  13:02  SCV  
  107  13:03  SCV x2  
  120  13:05  Marauder  
  120  13:07  Missile Turret  
  108  13:21  Marauder  
  108  13:22  Marauder x2  
  114  13:27  Marauder  
  114  13:30  Medivac  
  116  13:35  Refinery  
  116  13:40  Factory  
  116  13:42  Factory Tech Lab  
  116  13:43  Marauder x3, Thor  
  116  13:44  Thor  
  136  13:48  Marauder  
  136  13:49  Barracks  
  136  13:55  SCV x4  
  140  14:04  Marauder  
  140  14:05  Marauder x2  
  140  14:07  SCV x2  
  148  14:11  SCV x2, Marauder  
  152  14:19  SCV x2  
  152  14:20  Supply Depot  
  152  14:21  Supply Depot  
  152  14:22  Supply Depot  
  152  14:23  SCV x2, Missile Turret, Supply Depot  
  156  14:24  Supply Depot x2  
  156  14:25  Marauder, Planetary Fortress  
  156  14:26  Marauder x2  
  148  14:31  SCV  
  123  14:44  Missile Turret, Supply Depot  
  123  14:45  Supply Depot  
  117  14:47  Marauder  
  117  14:48  Marauder x3, Supply Depot x2  
  117  14:49  Barracks Tech Lab, Supply Depot  
  117  14:50  Supply Depot  
  117  14:52  Factory Tech Lab, Thor  
  110  15:00  Medivac  
  107  15:09  Marauder x4, Supply Depot x2  
  107  15:11  Missile Turret  
  113  15:14  Supply Depot x2  
  113  15:15  Supply Depot  
  113  15:20  Supply Depot  
  113  15:30  Marauder x4, Medivac  
  113  15:32  Missile Turret  
  84  15:43  Supply Depot  
  84  15:46  Marauder  
  77  15:51  Marauder  
  77  15:52  Marauder x3  
  85  15:58  Widow Mine x4  
  93  16:07  Marauder  
  91  16:13  Marauder x4  
  67  16:28  Thor  
  69  16:34  Marauder  
  69  16:35  Marauder x3  
  67  16:42  Command Center  
  65  16:48  Command Center  
  59  16:55  Marauder  
  59  16:56  Marauder x2  
Show
View Real Time Build Order
Export as new Build Order

BubbleGum Zerg 

Build Orders: Hatch First 

Get SALT Encoding   

  12  0:00  Drone  
  13  0:12  Overlord  
  13  0:18  Drone  
  14  0:32  Drone x2  
  14  0:35  Drone  
  17  0:58  Hatchery, Drone  
  17  1:00  Drone  
  18  1:12  Extractor  
  18  1:15  Spawning Pool  
  18  1:17  Drone  
  17  1:22  Drone  
  18  1:30  Drone  
  19  1:43  Drone  
  20  1:55  Drone  
  21  2:02  Overlord  
  21  2:09  Queen  
  21  2:11  Zergling x4  
  25  2:17  Queen  
  27  2:23  Metabolic Boost  
  27  2:28  Drone x2  
  29  2:36  Drone x2  
  31  2:50  Drone  
  31  2:51  Drone  
  33  2:57  Drone x2  
  35  3:09  Drone  
  36  3:17  Overlord x3  
  36  3:26  Hatchery  
  35  3:34  Queen  
  35  3:35  Drone x2  
  35  3:36  Drone x3  
  35  3:37  Drone  
  43  3:54  Extractor x2  
  41  3:58  Drone x3  
  41  4:01  Zergling x10  
  49  4:10  Drone  
  50  4:39  Drone x2  
  50  4:41  Drone x2  
  50  4:42  Drone  
  50  4:43  Drone x4  
  50  4:45  Queen  
  61  4:58  Spore Crawler  
  60  5:00  Drone, Spore Crawler  
  60  5:01  Drone x2  
  60  5:02  Drone  
  60  5:03  Drone  
  60  5:06  Drone x3, Extractor  
  66  5:16  Lair  
  66  5:21  Overlord x4  
  66  5:25  Spore Crawler  
  65  5:39  Queen  
  67  5:57  Extractor, Drone  
  67  5:58  Drone x13  
  67  5:59  Overlord x3  
  67  6:00  Extractor  
  79  6:04  Roach Warren  
  79  6:05  Drone  
  79  6:23  Hydralisk Den  
  78  6:26  Drone x2  
  78  6:27  Drone x2, Spire  
  78  6:28  Drone  
  82  6:33  Evolution Chamber  
  82  6:34  Evolution Chamber  
  80  6:40  Overseer  
  80  6:44  Hatchery  
  79  6:50  Spore Crawler  
  79  6:51  Drone x2  
  79  6:52  Spore Crawler  
  79  6:59  Drone, Spine Crawler  
  79  7:11  Spore Crawler  
  79  7:12  Spore Crawler  
  79  7:14  Spore Crawler  
  79  7:15  Spore Crawler  
  75  7:16  Pneumatized Carapace  
  75  7:21  Spore Crawler  
  75  7:22  Spore Crawler  
  73  7:29  Spore Crawler  
  72  7:30  Zerg Missile Weapons Level 1  
  72  7:31  Zerg Melee Weapons Level 1  
  72  7:32  Grooved Spines  
  72  7:33  Glial Reconstitution  
  72  7:34  Spore Crawler  
  72  7:35  Overlord x4  
  72  7:36  Overlord  
  71  7:40  Zergling x32  
  71  7:41  Zergling x4  
  89  7:51  Drone x3  
  92  7:59  Drone x3  
  93  8:11  Zerg Flyer Armor Level 1, Corruptor x8  
  108  8:18  Drone x2  
  110  8:20  Queen  
  110  8:23  Overlord  
  112  8:33  Hatchery  
  111  8:44  Muscular Augments  
  104  9:10  Corruptor x2  
  104  9:11  Corruptor x9  
  120  9:21  Drone x7  
  120  9:22  Spore Crawler  
  126  9:45  Baneling Nest  
  125  9:48  Zerg Melee Weapons Level 2, Zerg Missile Weapons Level 2  
  125  9:50  Infestation Pit  
  124  10:44  Extractor, Drone x2  
  124  10:45  Drone x2  
  124  10:46  Extractor, Drone  
  124  10:47  Drone x2  
  124  10:48  Drone x3  
  124  10:49  Drone x5  
  139  10:50  Drone x2  
  139  11:02  Hatchery  
  136  11:21  Overseer x6  
  136  11:23  Corruptor x6  
  136  11:25  Zergling x30  
  154  11:26  Zergling x10  
  154  11:31  Extractor  
  161  11:34  Extractor  
  147  11:53  Corruptor x8  
  160  11:54  Zergling x2  
  160  11:55  Zergling x10  
  126  12:18  Zergling x18  
  133  12:27  Zergling x10  
  138  12:31  Hatchery  
  138  12:33  Drone  
  138  12:34  Drone x3  
  141  12:52  Hive  
  141  12:53  Queen  
  141  13:06  Zergling x10  
  140  13:21  Zergling x20  
  150  13:30  Drone x6  
  156  13:44  Drone x3  
  156  13:45  Drone x3  
  156  13:46  Extractor  
  153  14:05  Zergling x2  
  153  14:06  Zergling x34  
  163  14:20  Queen  
  163  14:21  Queen  
  160  14:38  Zergling x8  
  160  14:39  Zergling x16  
  160  14:42  Adrenal Glands  
  160  14:44  Zerg Melee Weapons Level 3  
  160  14:45  Zerg Ground Armor Level 1  
  142  15:09  Overlord  
  142  15:10  Overlord  
  142  15:15  Drone  
  142  15:16  Drone x5  
  142  15:17  Spore Crawler  
  142  15:20  Infestor x2, Overlord  
  151  15:24  Centrifical Hooks  
  151  15:30  Drone x3  
  151  15:31  Overlord x2  
  151  15:32  Corruptor x9  
  163  15:55  Zergling x18  
  163  15:56  Zergling x24  
  169  16:49  Extractor  
  169  16:50  Hatchery  
  161  16:54  Extractor  
  161  16:55  Zergling x20  
  161  16:56  Zergling x50  
  161  16:57  Zergling x6  
  195  17:09  Ultralisk Cavern  
Show
View Real Time Build Order
Export as new Build Order

Windmills Terran 

Build Orders: 2 Factory 

Get SALT Encoding   

  12  0:01  SCV  
  13  0:17  Supply Depot  
  13  0:19  SCV  
  14  0:31  SCV  
  15  0:43  SCV  
  15  0:45  Barracks  
  16  0:51  Refinery  
  16  0:55  SCV  
  17  1:07  SCV  
  18  1:19  SCV  
  19  1:31  SCV  
  20  1:42  Reaper  
  20  1:45  Supply Depot  
  21  1:49  Orbital Command  
  20  2:17  SCV  
  20  2:19  Command Center  
  21  2:24  Factory  
  22  2:30  SCV  
  22  2:42  Refinery, SCV  
  23  2:54  SCV  
  24  2:59  Barracks Tech Lab  
  23  3:06  SCV  
  24  3:16  Factory  
  24  3:18  SCV  
  24  3:42  SCV  
  25  3:50  Orbital Command  
  25  3:52  Siege Tank  
  25  3:54  SCV  
  29  4:00  Barracks Reactor  
  29  4:08  SCV  
  29  4:20  SCV  
  29  4:22  SCV  
  31  4:32  SCV  
  31  4:34  SCV  
  33  4:44  SCV, Command Center  
  33  4:45  Engineering Bay  
  34  4:46  SCV  
  35  4:55  Barracks Tech Lab  
  35  4:57  SCV  
  35  4:58  Refinery, SCV  
  37  5:00  Cyclone  
  37  5:01  Refinery  
  37  5:03  Hellion x2  
  44  5:09  SCV  
  44  5:10  SCV, Armory  
  44  5:12  Armory  
  46  5:19  Missile Turret  
  46  5:24  Missile Turret  
  46  5:29  Supply Depot x2  
  46  5:32  SCV x2, Hellion x2  
  52  5:44  SCV x2  
  54  5:50  Siege Tank  
  54  5:54  Supply Depot  
  54  5:56  SCV x2  
  59  6:08  SCV x2  
  61  6:17  Orbital Command  
  61  6:21  SCV x2  
  61  6:22  Cyclone  
  66  6:26  Hellion  
  66  6:27  Hellion  
  70  6:33  SCV x2  
  71  6:44  Starport  
  71  6:45  SCV x2  
  73  6:48  Missile Turret  
  73  6:53  Missile Turret  
  73  6:55  Cyclone  
  73  6:56  SCV  
  73  6:57  SCV x2  
  79  7:08  SCV, Missile Turret  
  79  7:09  SCV  
  79  7:10  SCV  
  79  7:14  Missile Turret  
  82  7:16  Refinery  
  82  7:19  Refinery  
  82  7:20  SCV  
  82  7:21  SCV  
  82  7:22  SCV  
  85  7:28  Missile Turret  
  85  7:29  Missile Turret  
  85  7:33  SCV x2  
  85  7:34  SCV  
  85  7:36  Supply Depot  
  88  7:37  Supply Depot  
  88  7:39  Mag-Field Accelerator  
  88  7:45  SCV x2  
  88  7:46  SCV  
  91  7:57  SCV x2, Thor  
  100  7:58  SCV  
  100  8:02  Factory  
  100  8:03  Hellion, Factory  
  100  8:05  Starport Reactor  
  102  8:09  SCV x2  
  102  8:10  SCV  
  105  8:21  SCV  
  105  8:22  SCV x2  
  108  8:28  Command Center  
  108  8:33  SCV  
  109  8:42  Supply Depot  
  109  8:43  Terran Vehicle Weapons Level 1  
  109  8:44  Terran Vehicle And Ship Armor Level 1, Supply Depot  
  109  8:45  SCV x3, Siege Tank, Supply Depot  
  109  8:46  Hi-Sec Auto Tracking  
  115  8:55  Missile Turret  
  115  8:56  Missile Turret  
  115  9:01  Refinery  
  115  9:05  Missile Turret  
  112  9:17  SCV x3, Siege Tank  
  112  9:18  Infernal Pre-Igniter  
  112  9:23  Factory Tech Lab x2  
  118  9:26  Missile Turret  
  118  9:28  Missile Turret  
  118  9:29  SCV x2, Viking  
  118  9:30  Viking  
  124  9:36  SCV  
  125  9:41  SCV x2  
  127  9:49  SCV, Thor  
  134  9:53  Command Center  
  134  9:59  Viking  
  85  10:00  Viking  
  134  10:04  Thor x2  
  127  10:23  SCV x2  
  129  10:32  Thor  
  135  10:46  Thor  
  135  10:48  Thor  
  147  10:58  Supply Depot  
  147  11:01  Supply Depot x2  
  147  11:03  Supply Depot  
  147  11:15  Refinery, Thor  
  153  11:25  Factory, Planetary Fortress  
  153  11:27  Factory  
  153  11:29  Thor  
  153  11:31  Factory, Siege Tank  
  162  11:58  Siege Tank  
  165  12:03  Siege Tank  
  154  12:12  Siege Tank  
  133  12:26  Hellion x5  
  143  12:30  Siege Tank  
  143  12:35  Thor  
  152  12:44  Thor  
  152  12:47  Hellion x2  
  168  12:55  Refinery, Factory  
  168  12:56  Factory  
  168  13:02  Siege Tank  
  168  13:03  Factory Tech Lab x3  
  159  13:08  Refinery, Hellion x2  
  159  13:12  Terran Vehicle Weapons Level 2  
  145  13:18  Siege Tank  
  142  13:27  Siege Tank  
  142  13:30  Hellion x2  
  149  13:34  Siege Tank  
  149  13:39  Factory  
  152  13:50  Siege Tank  
  152  13:53  Siege Tank x3  
  164  13:59  Thor  
  170  14:06  Thor  
  176  14:10  Hellion x2  
  176  14:13  Factory Reactor  
  176  14:15  Factory Tech Lab  
  180  14:22  Siege Tank  
  181  14:25  Command Center, Siege Tank x3  
  181  14:30  Command Center  
  188  14:31  Hellion  
  188  14:32  Hellion  
  190  14:42  Siege Tank  
  196  14:45  Siege Tank  
  196  14:49  Siege Tank  
  197  15:14  Siege Tank  
  194  15:45  Hellion x3  
  185  16:23  Thor  
  185  16:24  Thor  
  185  16:25  Hellion  
  191  16:36  Hellion x2  
  191  16:37  Hellion x3  
Tags
 
Add a new tag
Caveats
  • Supply blocks, unpowered buildings, or Contaminate may cause inaccurate times.
  • Supply counts are checked every 10 seconds.